 Dungeon Crawl Stone Soup version 0.24.0-29-g8ce449bc06 (console) character file.

Game seed: 17552285184780333038, levelgen mode: deterministic

37 AlterAsc the Firebug (level 3, -13/26 HPs)
             Began as a Draconian Fire Elementalist on Nov 16, 2019.
             Splashed by Ijyb's acid (14 damage)
             ... on level 4 of the Dungeon.
             The game lasted 00:03:06 (1011 turns).

AlterAsc the Firebug (Draconian Fire Elementalist)  Turns: 1011, Time: 00:03:06

Health: -13/26     AC:  1    Str: 10    XL:     3   Next: 23%
Magic:  6/6        EV: 12    Int: 16    God:
Gold:   47         SH:  0    Dex: 11    Spells: 2/6 levels left

rFire    . . .     SeeInvis .   e - +0 dagger
rCold    . . .     Gourm    +   (no shield)
rNeg     . . .     Faith    .   (armour unavailable)
rPois    .         Spirit   .   (helmet restricted)
rElec    .         Reflect  .   (no cloak)
rCorr    .         Harm     .   (no gloves)
MR       .....                  (no boots)
Stlth    ++........             j - amulet of the gourmand
HPRegen  0.08/turn              (no ring)
MPRegen  0.10/turn              (no ring)

@: lethally poisoned (-13 -> -18), corroded
A: unfitting armour, cold-blooded, AC +5
a: no special abilities


You were on level 4 of the Dungeon.
You were full.

You visited 1 branch of the dungeon, and saw 3 of its levels.

You collected 47 gold pieces.

Inventory:

Hand Weapons
 d - a +0 club
 e - a +0 dagger (weapon)
Jewellery
 h - an uncursed amulet of rage
 j - an amulet of the gourmand (around neck)
Scrolls
 c - 3 scrolls of identify {unknown}
Potions
 a - a potion of cancellation {unknown}
 f - a potion of magic {unknown}
 g - 2 potions of heal wounds {unknown}
Comestibles
 b - 7 rations


   Skills:
 - Level 1.9 Dodging
 - Level 2.0 Stealth
 + Level 2.3 Spellcasting
 + Level 1.6 Conjurations
 * Level 3.5 Fire Magic


You had 2 spell levels left.
You knew the following spells:

 Your Spells              Type           Power        Failure   Level  Hunger
a - Flame Tongue          Conj/Fire      ##...        7%          1    #......
b - Conjure Flame         Conj/Fire      ##......     21%         3    ###....

Your spell library contained the following spells:

 Spells                   Type           Power        Failure   Level  Hunger
 Throw Flame              Conj/Fire      ##....       11%         2    ###....
 Inner Flame              Hex/Fire       #.......     28%         3    ###....
 Sticky Flame             Conj/Fire      ##......     56%         4    #####..
 Fireball                 Conj/Fire      ##........   88%         5    ######.


Dungeon Overview and Level Annotations

Branches:
Dungeon (2/15)

Altars:

Annotations:
D:2 Robin
D:4 Ijyb


Innate Abilities, Weirdness & Mutations

Your plain brown scales are hard. (AC +5)
You cannot fit into any form of body armour.
You are cold-blooded and may be slowed by cold attacks.


Message History

The worker ant poisons you!
You feel sick. The worker ant closely misses you.
You feel sick. The worker ant bites you.
The worker ant bites you but does no damage.
You feel sick.
A phantom and a skeleton come into view.
The phantom blinks!
The phantom moves out of view.
You feel sick.
Ijyb screams, "Get away!"
Found 12 gold pieces.
You feel sick.
You feel sick.
Found 15 gold pieces.
You see here 12 gold pieces.
Ijyb zaps a wand.
The bolt of acid hits you!
Ouch! That really hurt!
* * * LOW HITPOINT WARNING * * *
The acid corrodes you!
You are splashed with acid!
Ouch! That really hurt!
You die...

#...$......#
#..........#
#.......>..+
#..........##
#......$....#
#####+##..#a#
.....#g#### ##
#........$..#...#
.Z...#.....@.....#
.................#
.....#...........#
...................
..###............
...........###
.$..........#
###.........#


You could see Ijyb and a worker ant.

Vanquished Creatures
  A dart slug (D:2)
  2 leopard geckos (D:1)
  A ball python (D:1)
  5 bats (D:1)
  3 hobgoblins (D:1)
  3 jackals (D:1)
  A quokka (D:2)
  3 frilled lizards
  6 goblins
  3 kobolds (D:1)
  3 rats (D:1)
31 creatures vanquished.

Notes
Turn   | Place    | Note
-------+----------+-------------------------------------------
     0 | D:1      | AlterAsc the Draconian Fire Elementalist began the quest
                  | for the Orb.
     0 | D:1      | Reached XP level 1. HP: 14/14 MP: 3/3
   202 | D:1      | Reached XP level 2. HP: 20/20 MP: 1/5
   792 | D:1      | Reached XP level 3. HP: 26/26 MP: 4/6
   873 | D:2      | Noticed Robin
   944 | D:2      | Learned a level 3 spell: Conjure Flame
   999 | D:2      | You fall into a shaft and drop 2 floors!
   999 | D:4      | Noticed Ijyb
  1006 | D:4      | Noticed a phantom
  1011 | D:4      | HP: 1/26 [Ijyb/bolt of acid (14)]
  1011 | D:4      | Splashed by Ijyb's acid

Levels and vault maps discovered:
D:1:      psy_arrival_dodecagon, layout_loops_corners, st_stairs_13
D:2:      layout_rooms, lemuel_doored_altar, uniq_robin
D:4:      layout_basic, kennysheep_mini_moat, serial_glass, glass_columns_b,
          glass_columns_a, uniq_ijyb

Skill      XL: |  1 |
---------------+----+-----
Stealth        | 2 |  2.0
Dodging        | |  1.9
Spellcasting   | |  2.3
Conjurations   | |  1.6
Fire Magic     | |  3.5

Action                   || total
-------------------------++-------
Melee: Unarmed           ||     1
       Dagger            ||     3
 Cast: Flame Tongue      ||    46
  Eat: Chunk             ||    11
Armor: Skin              ||     9
Dodge: Dodged            ||    13
